 Dungeon Crawl Stone Soup version 0.14-a0-2162-g062a2ce (webtiles) character file.

10275 Malachi the Martial Artist (level 11, 0/54 HPs)
             Began as a Vine Stalker Transmuter on Jan 28, 2014.
             Was an Elder of Kikubaaqudgha.
             Slain by a basilisk (7 damage)
             ... on Level 1 of the Lair of Beasts.
             The game lasted 00:37:03 (9707 turns).

Malachi the Martial Artist (VSTm)                   Turns: 9707, Time: 00:37:03

HP   0/54        AC  7     Str 14      XL: 11   Next: 50%
MP   0/22        EV  5     Int 16      God: Kikubaaqudgha [****..]
Gold 582         SH  0     Dex 19      Spells:  5 memorised,  5 levels left

rFire  . . .     SeeInvis .       - Unarmed
rCold  . . .     Clarity  .     F - melded +0 elf robe
rNeg   + + +     Conserve .     (shield currently unavailable)
rPois  +         rCorr    .     q - melded +1 hat
rElec  .         rRot     +     E - melded +1 cloak
SustAb . .       Spirit   +     (gloves currently unavailable)
rMut   .         Warding  .     (boots currently unavailable)
Saprov . . .     Stasis   .     (no amulet)
MR     .....                    s - +7,+4 ring of slaying
                                y - +5 ring of protection

@: spider-form, petrified, quick, not resistant to hostile enchantments, quite
stealthy
A: (fangs 0), regeneration 2, magic shield, (antimagic bite), no device heal
a: End Transformation, Receive Corpses, Renounce Religion


You were on level 1 of the Lair of Beasts.
You worshipped Kikubaaqudgha.
Kikubaaqudgha was greatly pleased with you.
You were very hungry.
You were in spider-form.
You visited 3 branches of the dungeon, and saw 13 of its levels.

You collected 582 gold pieces.

Inventory:

Hand weapons
 C - the +3,+3 dagger "Praokleg" {stab, Int+3}
   (You found it on level 8 of the Dungeon)

   It inflicts extra damage upon your enemies.
   It affects your intelligence (+3).
Missiles
 b - 10 arrows
Armour
 k - a +0 buckler
 q - a +1 hat (melded)
 E - a +1 cloak (melded)
 F - a +0 elven robe (melded)
Magical devices
 x - a wand of digging (3)
 B - a wand of random effects (18)
 G - a wand of paralysis (3)
 P - a wand of slowing (6)
 R - a wand of frost (15)
 S - a wand of flame (11)
 U - a wand of draining (1) {unknown}
Comestibles
 a - 5 bread rations
 D - 3 chokos
 H - 2 pears
 I - 2 meat rations
Scrolls
 o - 4 scrolls of remove curse
 u - a scroll of enchant armour {unknown}
 L - a scroll of magic mapping
 O - a scroll of fog
Jewellery
 f - an uncursed ring of fire
 g - an uncursed ring of see invisible
 n - an uncursed ring of protection from fire
 r - an uncursed ring of protection from magic
 s - a +7,+4 ring of slaying (right front leg)
 y - a +5 ring of protection (left front leg)
 z - the ring "Davigew" {rPois rC+ Curse, unknown}
   (You found it on level 1 of the Lair of Beasts)

   [ring of poison resistance]

   It protects you from cold.
   It may recurse itself when equipped.
Potions
 e - a potion of resistance
 h - a potion of cure mutation {unknown}
 i - 2 potions of curing
 j - a potion of mutation {unknown}
 l - a potion of brilliance {unknown}
 m - 6 potions of lignification
 p - a potion of degeneration {unknown}
 t - 2 potions of speed
 v - a potion of flight {unknown}
 w - a potion of invisibility {unknown}
 A - a potion of poison {unknown}
 Q - a potion of agility {unknown}
Books
 c - Kikubaaqudgha's Grimoire of Necromancy
   (Kikubaaqudgha gifted it to you on level 9 of the Dungeon)

   Spells                             Type                      Level
   Animate Dead                       Necromancy                   4
   Bolt of Draining                   Conjuration/Necromancy       5
   Agony                              Necromancy                   5
   Dispel Undead                      Necromancy                   5
   Simulacrum                         Ice/Necromancy               6
 d - a book of Changes

   Spells                             Type                      Level
   *Beastly Appendage                 Transmutation                1
   *Sticks to Snakes                  Transmutation                2
   *Spider Form                       Transmutation/Poison         3
   *Ice Form                          Ice/Transmutation            4
   Blade Hands                        Transmutation                5
 J - a book of Callings

   Spells                             Type                      Level
   Summon Small Mammal                Summoning                    1
   Call Imp                           Summoning                    2
   Call Canine Familiar               Summoning                    3
   Summon Scorpions                   Summoning/Poison             4
   Summon Ice Beast                   Ice/Summoning                4
 M - Kikubaaqudgha's Grimoire of Dark Arts
   (Kikubaaqudgha gifted it to you on level 6 of the Dungeon)

   Spells                             Type                      Level
   *Animate Skeleton                  Necromancy                   1
   Lethal Infusion                    Charms/Necromancy            2
   Corpse Rot                         Necromancy                   2
   Vampiric Draining                  Necromancy                   3
   Control Undead                     Necromancy                   4
 N - a Grand Grimoire {highlevel}

   This book is beyond your current level of understanding.

   Spells                             Type                      Level
   Demonic Horde                      Summoning                    6
   Mass Abjuration                    Summoning                    6
   Haunt                              Necromancy/Summoning         7
   Summon Greater Demon               Summoning                    7
   Malign Gateway                     Summoning/Translocation      7
   Summon Horrible Things             Summoning                    8


   Skills:
 + Level 4.7 Fighting
 + Level 7.3 Dodging
 + Level 2.6 Stealth
 + Level 11.0 Unarmed Combat
 - Level 3.3 Spellcasting
 + Level 0.6 Necromancy
 * Level 7.3 Transmutations
 * Level 4.1 Ice Magic
 - Level 4.2 Poison Magic
 - Level 1.2 Evocations


You had 5 spell levels left.
You knew the following spells:

 Your Spells              Type           Power        Failure   Level  Hunger
a - Beastly Appendage     Trmt           ####..       4%          1    None
b - Sticks to Snakes      Trmt           ####......   6%          2    ##.....
c - Spider Form           Trmt/Pois      ###.......   17%         3    ###....
d - Animate Skeleton      Necr           N/A          36%         1    None
e - Ice Form              Ice/Trmt       ###.......   36%         4    ####...


Dungeon Overview and Level Annotations

Branches:
Dungeon (10/16)            Temple (1/1) D:5            Lair (2/8) D:9
    Orc: D:9-12

Altars:
Ashenzari
Cheibriados
Dithmengos
Elyvilon
Fedhas
Kikubaaqudgha
Makhleb
Nemelex Xobeh
Okawaru
Sif Muna
Trog
Vehumet
Xom
Yredelemnul
Zin
The Shining One

Shops:
D:9 :

Annotations:
D:8 exclusion: door


Innate Abilities, Weirdness & Mutations

((You have razor-sharp teeth.))*
You heal very quickly.
When hurt, damage is shared between your health and your magic reserves.
((Your bite disrupts and absorbs the magic of your enemies.))*
Potions and wands cannot restore your HP.


Message History

Your +0 elven robe melds into your body.
The blink frog hits you!
The blink frog blinks!
Your limbs are stiffening.
Unknown command.
The blink frog blinks!
You have turned to stone.
The spiny frog stings you! The spiny frog stings you! The blink frog hits you!
The blink frog blinks!
The spiny frog stings you! The spiny frog stings you! The basilisk bites you.
The spiny frog stings you! The basilisk barely misses you.
The spiny frog stings you!
* * * LOW HITPOINT WARNING * * *
The blink frog blinks!
The basilisk bites you but does no damage.
The spiny frog stings you.
* * * LOW HITPOINT WARNING * * *
The spiny frog stings you!
* * * LOW HITPOINT WARNING * * *
The basilisk bites you!
You die...
Kikubaaqudgha rasps: "You have failed me!
Welcome... oblivion!"

##...........## ##.........%.##
#P............# ##...........f#
#............# #..........%##
#.........<.# #..l........#
#.>s........########
#..F........%..%...#
##..ยง.........#####.#
#............####...#
##.F.........###.....
####...........##......
###########P.#...........###.....
..........................###%..#
...........................##%###


You could see a spiny frog, a basilisk and a blink frog.

Vanquished Creatures
  The ghost of acidapple the Cleaver, an experienced FoFi of Okawaru (D:7)
  The ghost of Malachi the Sneak, an experienced VSEn of Dithmengos (D:6)
  3 spiny frogs (Lair:1)
  Prince Ribbit (D:5)
  A two-headed ogre (D:9)
  4 blink frogs (Lair:1)
  10 yaks
  Eustachio (D:4)
  A hippogriff (Lair:1)
  A manticore (D:9)
  A porcupine (Lair:1)
  3 sky beasts
  2 ice beasts
  5 orc warriors
  A phantom (D:5)
  2 centaurs
  Sigmund (D:4)
  Duvessa (D:5)
  4 water moccasins
  A crocodile (Lair:1)
  2 agate snails (Lair:1)
  7 giant frogs
  A wyvern skeleton (D:7)
  3 vampire bats (Lair:1)
  3 killer bees (D:7)
  5 wights (D:7)
  3 jellies (D:5)
  A troll skeleton (D:8)
  A goliath beetle (D:8)
  Dowan (D:5)
  4 crimson imps
  A giant frog zombie (D:5)
  4 orc priests
  Crazy Yiuf (D:5)
  4 hounds
  7 orc wizards
  4 iguanas
  5 worker ants
  Ijyb (D:2)
  Jessica (D:3)
  8 green rats
  7 gnolls
  13 adders
  2 giant centipedes (D:8)
  3 giant mites
  3 worms
  An adder skeleton (D:4)
  2 giant eyeballs
  7 giant geckos
  An ooze (D:1)
  40 orcs
  3 ball pythons
  25 bats
  4 giant cockroaches
  16 goblins
  12 hobgoblins
  17 jackals
  12 kobolds
  7 quokkas
  4 giant newts
  2 giant spores
  A hobgoblin skeleton (D:7)
  2 orc skeletons
  19 rats
  A rat skeleton (D:4)
  A rat zombie (D:5)
  4 ballistomycetes
  3 fungi
  2 plants
326 creatures vanquished.

Vanquished Creatures (collateral kills)
  2 yaks (D:9)
  2 orc warriors (D:9)
  2 orcs (D:9)
  A bat (D:9)
  A rat (D:9)
  2 fungi (D:9)
  A plant (D:9)
11 creatures vanquished.

Vanquished Creatures (others)
  2 yak skeletons (D:9)
  An orc skeleton (D:9)
  A worm (D:8)
  A kobold (D:8)
  A giant gecko skeleton (D:7)
  6 fungi (D:9)
12 creatures vanquished.

Grand Total: 349 creatures vanquished

Notes
Turn   | Place    | Note
--------------------------------------------------------------
     0 | D:1      | Malachi, the Vine Stalker Transmuter, began the quest for the Orb.
     0 | D:1      | Reached XP level 1. HP: 9/9 MP: 3/3
    37 | D:1      | Reached XP level 2. HP: 9/14 MP: 3/5
   204 | D:1      | Reached XP level 3. HP: 13/17 MP: 5/7
   477 | D:1      | Reached skill level 4 in Unarmed Combat
   526 | D:2      | Reached skill level 1 in Fighting
   717 | D:2      | Reached XP level 4. HP: 18/22 MP: 7/9
   935 | D:2      | Noticed Ijyb
   945 | D:2      | Killed Ijyb
  1006 | D:2      | Found a shattered altar of Ashenzari.
  1321 | D:3      | Noticed Jessica
  1327 | D:3      | Killed Jessica
  1327 | D:3      | Reached XP level 5. HP: 25/25 MP: 9/11
  1633 | D:3      | Learned a level 2 spell: Sticks to Snakes
  1677 | D:3      | Found a blossoming altar of Fedhas.
  1683 | D:3      | Found a deep blue altar of Sif Muna.
  1917 | D:4      | Reached skill level 5 in Unarmed Combat
  2160 | D:4      | Gained mutation: You heal very quickly. [vine stalker growth]
  2160 | D:4      | Reached XP level 6. HP: 30/30 MP: 11/13
  2246 | D:4      | Noticed Sigmund
  2273 | D:4      | Killed Sigmund
  2300 | D:4      | Noticed Eustachio
  2328 | D:4      | Killed Eustachio
  2335 | D:4      | Learned a level 3 spell: Spider Form
  2470 | D:4      | Reached XP level 7. HP: 26/33 MP: 14/17
  2864 | D:5      | Entered Level 5 of the Dungeon
  2901 | D:5      | Found a staircase to the Ecumenical Temple.
  3025 | D:5      | Noticed Dowan
  3046 | D:5      | Noticed Duvessa
  3063 | D:5      | Killed Duvessa
  3063 | D:5      | Reached skill level 1 in Poison Magic
  3072 | D:5      | Killed Dowan
  3120 | D:5      | Reached skill level 6 in Unarmed Combat
  3223 | D:5      | Noticed Prince Ribbit
  3239 | D:5      | Killed Prince Ribbit
  3239 | D:5      | Gained mutation: You have razor-sharp teeth. [vine stalker growth]
  3239 | D:5      | Reached XP level 8. HP: 19/39 MP: 3/18
  3466 | D:5      | Reached skill level 1 in Stealth
  3879 | D:5      | Paralysed by a giant eyeball for 4 turns
  3893 | Temple   | Entered the Ecumenical Temple
  4124 | Temple   | Became a worshipper of Kikubaaqudgha
  4156 | D:5      | Paralysed by a giant eyeball for 3 turns
  4299 | D:5      | Noticed Crazy Yiuf
  4304 | D:5      | Killed Crazy Yiuf
  4304 | D:5      | Reached skill level 7 in Unarmed Combat
  4480 | D:6      | Reached skill level 5 in Transmutations
  4701 | D:6      | Noticed Malachi's ghost (experienced VSEn)
  4708 | D:6      | Killed Malachi's ghost
  4708 | D:6      | Reached XP level 9. HP: 43/43 MP: 17/20
  5149 | D:6      | Reached skill level 8 in Unarmed Combat
  5263 | D:6      | Acquired Kikubaaqudgha's first power
  5263 | D:6      | Received a gift from Kikubaaqudgha
  5278 | D:6      | Identified Kikubaaqudgha's Grimoire of Dark Arts (Kikubaaqudgha gifted it to you on level 6 of the Dungeon)
  5554 | D:7      | Learned a level 1 spell: Animate Skeleton
  5957 | D:7      | Reached skill level 5 in Dodging
  6085 | D:7      | Noticed acidapple's ghost (experienced FoFi)
  6150 | D:7      | Killed acidapple's ghost
  6291 | D:7      | Reached skill level 9 in Unarmed Combat
  6294 | D:7      | Reached XP level 10. HP: 49/49 MP: 18/21
  6425 | D:8      | Got a warped dagger
  6426 | D:8      | Identified the cursed +3,+3 dagger "Praokleg" {stab, Int+3} (You found it on level 8 of the Dungeon)
  6439 | D:8      | Found a burning altar of Makhleb.
  6464 | D:8      | Acquired Kikubaaqudgha's second power
  6573 | D:8      | Learned a level 4 spell: Ice Form
  7133 | D:8      | Noticed a six-headed hydra
  7312 | D:9      | Reached skill level 1 in Ice Magic
  7404 | D:9      | Found a staircase to the Lair.
  7532 | D:9      | Reached skill level 10 in Unarmed Combat
  7534 | D:9      | Reached skill level 1 in Evocations
  7682 | D:9      | Received a gift from Kikubaaqudgha
  7691 | D:9      | Identified Kikubaaqudgha's Grimoire of Necromancy (Kikubaaqudgha gifted it to you on level 9 of the Dungeon)
  7810 | D:9      | Found Ikhofut's Book Boutique.
  8160 | D:10     | Entered Level 10 of the Dungeon
  8192 | D:9      | Reached XP level 11. HP: 30/53 MP: 11/22
  8462 | Lair:1   | Entered Level 1 of the Lair of Beasts
  8479 | Lair:1   | Acquired Kikubaaqudgha's third power
  8734 | Lair:1   | Got a smoking granite ring
  9446 | Lair:1   | Reached skill level 11 in Unarmed Combat
  9707 | Lair:1   | Slain by a basilisk

Action                   |  1- 3 |  4- 6 |  7- 9 | 10-12 || total
-------------------------+-------+-------+-------+-------++-------
Melee: Unarmed           |    98 |   153 |   279 |   438 ||   968
 Cast: Beastly Appendage |     3 |    16 |    17 |    10 ||    46
       Sticks to Snakes  |       |     2 |       |       ||     2
       Spider Form       |       |       |     9 |    14 ||    23
       Animate Skeleton  |       |       |     1 |     5 ||     6
       Ice Form          |       |       |       |     1 ||     1
 Abil: End Transformatio |       |       |     4 |     6 ||    10
Evoke: Wand              |       |       |     5 |     3 ||     8
  Use: Scroll            |     3 |     3 |    15 |     5 ||    26
       Potion            |       |       |       |     2 ||     2
 Stab: Sleeping          |       |       |       |     1 ||     1
